 Dungeon Crawl Stone Soup version 0.28-a0-46-g7b1be97da7 (webtiles) character file.

Game seed: 14466311543172426174

779 gruber the Covert (level 7, 0/60 HPs)
             Began as a Gnoll Wanderer on July 30, 2021.
             Succumbed to a water moccasin's poison
             ... on level 5 of the Dungeon.
             The game lasted 00:05:33 (5534 turns).

gruber the Covert (Gnoll Wanderer)                  Turns: 5534, Time: 00:05:33

Health: 0/60       AC:  3    Str:  9    XL:     7   Next: 85%
Magic:  10/11      EV: 17    Int: 13    God:
Gold:   215        SH:  0    Dex: 14    Spells: 11/11 levels left

rFire   . . .      SeeInvis .   a - +2 falchion
rCold   . . .      Faith    .   (no shield)
rNeg    . . .      Spirit   .   d - +0 robe
rPois   .          Reflect  .   g - +0 helmet
rElec   .          Harm     .   (no cloak)
rCorr   .          Rampage  .   (no gloves)
Will    .....                   (no boots)
Stlth   ++++......              (no amulet)
HPRegen 0.20/turn               q - +4 ring of evasion
MPRegen 0.12/turn               (no ring)

@: lethally poisoned (0 -> -2)
A: fangs 1, strong nose, distributed training
a: no special abilities


You were on level 5 of the Dungeon.
You visited 1 branch of the dungeon, and saw 5 of its levels.

You collected 215 gold pieces.

Inventory:

Hand Weapons
 a - a +2 falchion (weapon)
 b - a +0 short sword
 e - a +0 dagger
Missiles
 s - 9 poisoned darts (quivered)
Armour
 d - a +0 robe (worn)
 g - a +0 helmet (worn)
Jewellery
 p - a ring of ice
 q - a +4 ring of evasion (left hand)
Scrolls
 c - 5 scrolls of teleportation
 h - a scroll of noise {unknown}
 k - a scroll of enchant weapon {unknown}
 l - 3 scrolls of identify {unknown}
 m - a scroll of holy word {unknown}
Potions
 f - 2 potions of might {unknown}
 i - a potion of heal wounds {unknown}
 j - a potion of curing
 n - a potion of ambrosia {unknown}
 o - 3 potions of lignification {unknown}
 r - 2 potions of magic {unknown}


   Skills:
 + Level 7.1 Fighting
 + Level 2.7 Short Blades
 + Level 3.8 Long Blades
 + Level 2.7 Axes
 + Level 2.7 Maces & Flails
 + Level 2.7 Polearms
 + Level 2.7 Staves
 + Level 2.7 Slings
 + Level 2.7 Bows
 + Level 2.7 Crossbows
 + Level 2.7 Throwing
 + Level 2.7 Armour
 + Level 3.8 Dodging
 + Level 8.3 Stealth
 + Level 3.8 Shields
 + Level 2.7 Unarmed Combat
 + Level 2.7 Spellcasting
 + Level 2.2 Conjurations
 + Level 2.2 Hexes
 + Level 2.2 Summonings
 + Level 2.2 Necromancy
 + Level 2.2 Translocations
 + Level 2.2 Transmutations
 + Level 2.2 Fire Magic
 + Level 2.2 Ice Magic
 + Level 2.2 Air Magic
 + Level 2.2 Earth Magic
 + Level 2.2 Poison Magic
 + Level 3.0 Invocations
 + Level 2.7 Evocations


You had 11 spell levels left.
You didn't know any spells.
Your spell library contained the following spells:

 Spells                   Type           Power      Damage    Failure   Level
 Sublimation of Blood     Necr           3%         N/A       14%         2
 Gell's Gravitas          Tloc           3%         N/A       28%         3
 Teleport Other           Tloc           7%         N/A       28%         3
 Petrify                  Tmut/Erth      7%         N/A       67%         4
 Irradiate                Conj/Tmut      3%         3d14      95%         5
 Dispersal                Tloc           3%         N/A       100%        6


Dungeon Overview and Level Annotations

Branches:
Dungeon (5/15)
 Temple: D:4-7

Altars:
The Shining One

Shops:
D:4 [


Innate Abilities, Weirdness & Mutations

You have very sharp teeth.
Your uncanny sense of smell can sniff out nearby items.
Your experience applies equally to all skills.


Message History

* * * LOW HITPOINT WARNING * * *
You feel very sick. The water moccasin misses you.
You riposte.
You hit the water moccasin.
You kill the water moccasin!
Your Invocations skill increases to level 3!
Unknown command.
You hit the jackal.
You kill the jackal!
* * * LOW HITPOINT WARNING * * *
You feel very sick. The jackal misses you.
You riposte.
You barely miss the jackal. You hit the jackal.
You bite the jackal, but do no damage.
The jackal is severely wounded.
* * * LOW HITPOINT WARNING * * *
You feel very sick. The jackal barely misses you.
You riposte.
You hit the jackal.
The jackal is severely wounded.
You barely miss the jackal.
The jackal is severely wounded.
* * * LOW HITPOINT WARNING * * *
You feel sick. The jackal closely misses you. The jackal misses you.
You riposte.
You barely miss the jackal.
The jackal is severely wounded.
You hit the jackal.
You kill the jackal!
* * * LOW HITPOINT WARNING * * *
You feel sick. The jackal bites you.
* * * LOW HITPOINT WARNING * * *
You hit the jackal but do no damage.
* * * LOW HITPOINT WARNING * * *
You feel sick. The jackal closely misses you.
You riposte.
You hit the jackal but do no damage. You bite the jackal, but do no damage.
You hit the jackal.
The jackal is almost dead.
* * * LOW HITPOINT WARNING * * *
You feel sick. The jackal completely misses you.
The jackal bites you but does no damage.
You hit the jackal.
The jackal is almost dead.
You die...

#$... .. #.#.#
#. #.#.# .
#.#.#.#
#.####h#.#.#####
...........>....
########h#.####
#h# ∆ #.#
#@##### ## #.#
#...#.# .#.#.#
###...##.. #.#
#.##..# #.#
#.##.>####.#
#...##...#.#
###.##.#...#
########.# #.#


You could see 2 jackals.

Vanquished Creatures
  A water moccasin (D:5)
  An ogre (D:4)
  A phantom (D:5)
  3 scorpions
  2 hounds
  4 iguanas
  A hound skeleton (D:4)
  A howler monkey skeleton (D:5)
  4 adders
  A shadow imp (D:5)
  A worm (D:5)
  2 dart slugs (D:1)
  10 orcs
  6 ball pythons
  12 bats
  9 endoplasms
  3 giant cockroaches
  8 goblins
  8 hobgoblins
  8 jackals
  2 quokkas
  3 frilled lizards
  A jackal skeleton (D:4)
  7 kobolds
  4 rats
  A bush (D:2)
104 creatures vanquished.

Notes
Turn   | Place    | Note
-------+----------+-------------------------------------------
     0 | D:1      | gruber the Gnoll Wanderer began the quest for the Orb.
     0 | D:1      | gruber set off with the following items: a +2 falchion, a
                  | +0 short sword, a scroll of teleportation, a +0 robe, a +0
                  | dagger
     0 | D:1      | Reached XP level 1. HP: 23/23 MP: 1/1
   114 | D:1      | Reached XP level 2. HP: 25/29 MP: 2/2
   380 | D:1      | Reached XP level 3. HP: 32/35 MP: 3/3
   836 | D:2      | Reached skill level 1 in Invocations
  1065 | D:2      | Found a faded altar of an unknown god.
  1071 | D:2      | Found a glowing golden altar of the Shining One.
  1080 | D:2      | Reached skill level 1 in Short Blades
  1080 | D:2      | Reached skill level 1 in Axes
  1080 | D:2      | Reached skill level 1 in Maces & Flails
  1080 | D:2      | Reached skill level 1 in Polearms
  1080 | D:2      | Reached skill level 1 in Staves
  1080 | D:2      | Reached skill level 1 in Slings
  1080 | D:2      | Reached skill level 1 in Bows
  1080 | D:2      | Reached skill level 1 in Crossbows
  1080 | D:2      | Reached skill level 1 in Throwing
  1080 | D:2      | Reached skill level 1 in Armour
  1080 | D:2      | Reached skill level 1 in Unarmed Combat
  1080 | D:2      | Reached skill level 1 in Spellcasting
  1080 | D:2      | Reached skill level 1 in Evocations
  1430 | D:3      | Reached XP level 4. HP: 41/41 MP: 5/5
  1932 | D:3      | HP: 1/41 [iguana (8)]
  1934 | D:3      | Reached skill level 1 in Conjurations
  1934 | D:3      | Reached skill level 1 in Hexes
  1934 | D:3      | Reached skill level 1 in Summonings
  1934 | D:3      | Reached skill level 1 in Necromancy
  1934 | D:3      | Reached skill level 1 in Translocations
  1934 | D:3      | Reached skill level 1 in Transmutations
  1934 | D:3      | Reached skill level 1 in Fire Magic
  1934 | D:3      | Reached skill level 1 in Ice Magic
  1934 | D:3      | Reached skill level 1 in Air Magic
  1934 | D:3      | Reached skill level 1 in Earth Magic
  1934 | D:3      | Reached skill level 1 in Poison Magic
  2726 | D:4      | Reached XP level 5. HP: 44/47 MP: 6/6
  3103 | D:4      | Noticed an ogre
  3323 | D:4      | Reached skill level 8 in Stealth
  3323 | D:4      | Reached XP level 6. HP: 46/53 MP: 8/8
  3835 | D:4      | Found Asuwun's Antique Armour Emporium.
  3990 | D:4      | Reached XP level 7. HP: 49/59 MP: 10/10
  4378 | D:4      | Found a glowing golden altar of the Shining One.
  4643 | D:5      | Entered Level 5 of the Dungeon
  5531 | D:5      | HP: 3/60 [jackal (1)]
  5534 | D:5      | Succumbed to a water moccasin's poison

Illustrated notes

Levels and vault maps discovered:
D:1:      minmay_arrival_arboretum_small, layout_basic
D:2:      layout_loops_ring, dreamdust_ecumenical_altar_statues, basic_altar,
          minmay_hedge_maze
D:3:      layout_loops_corners
D:4:      layout_basic, lemuel_doored_altar, serial_shops, nicolae_shop_stone,
          grunt_ministairs_4
D:5:      layout_basic, st_stairs_7

Skill      XL: |  1  2  3  4  5  6  7 |
---------------+----------------------+-----
Invocations    | 1 2 3 |  3.0
Short Blades   | 1 2 |  2.7
Axes           | 1 2 |  2.7
Maces & Flails | 1 2 |  2.7
Polearms       | 1 2 |  2.7
Staves         | 1 2 |  2.7
Slings         | 1 2 |  2.7
Bows           | 1 2 |  2.7
Crossbows      | 1 2 |  2.7
Throwing       | 1 2 |  2.7
Armour         | 1 2 |  2.7
Unarmed Combat | 1 2 |  2.7
Spellcasting   | 1 2 |  2.7
Evocations     | 1 2 |  2.7
Conjurations   | 1 2 |  2.2
Hexes          | 1 2 |  2.2
Summonings     | 1 2 |  2.2
Necromancy     | 1 2 |  2.2
Translocations | 1 2 |  2.2
Transmutations | 1 2 |  2.2
Fire Magic     | 1 2 |  2.2
Ice Magic      | 1 2 |  2.2
Air Magic      | 1 2 |  2.2
Earth Magic    | 1 2 |  2.2
Poison Magic   | 1 2 |  2.2
Long Blades    | 3 |  3.8
Dodging        | 3 |  3.8
Shields        | 3 |  3.8
Stealth        | 8 |  8.3
Fighting       | 7 |  7.1

Action                   |  1- 3 |  4- 6 |  7- 9 || total
-------------------------+-------+-------+-------++-------
Melee: Falchion          |   191 |   139 |    83 ||   413
       Bite              |    17 |    15 |    13 ||    45
       Punch             |       |     1 |     1 ||     2
Throw: Dart              |       |    26 |    18 ||    44
  Use: Potion            |       |     2 |       ||     2
 Stab: Sleeping          |    19 |     6 |     5 ||    30
Armor: Robe              |    24 |    31 |     7 ||    62
Dodge: Dodged            |    57 |    97 |    59 ||   213
       Rpst.: Falchion   |    20 |    34 |    23 ||    77

Table legend: (Time is in decaauts)
 A = Elapsed time spent in this place.
 B = Non-inter-level travel time spent in this place.
 C = Inter-level travel time spent in this place.
 D = Time resting spent in this place.
 E = Time spent auto-exploring this place.
 F = Levels seen in this place.
 G = Mean time per level.
                   A        B        C        D        E       F      G
               +--------+--------+--------+--------+--------+-----+--------+
         Total |   5597 |   5295 |    302 |      0 |   4387 |   5 | 1119.4 |
       Dungeon |   5597 |   5295 |    302 |      0 |   4387 |   5 | 1119.4 |
               +--------+--------+--------+--------+--------+-----+--------+

Top non-repeatable levels by time:
     D:4: 1893 daAuts
     D:3: 1320 daAuts
     D:5: 897 daAuts
     D:2: 790 daAuts
     D:1: 694 daAuts
